 Dungeon Crawl Stone Soup version 0.31.0-12-g77e489cdc1 (webtiles) character file.

Game seed: 12329756133750526866

110791 steph the Warrior (level 16, -12/159 HPs)
             Began as a Minotaur Fighter on Mar 6, 2024.
             Was an Elder of Okawaru.
             Killed from afar by a fire dragon (14 damage)
             ... with a blast of flame
             ... while paralysed by an ogre mage
             ... on level 3 of the Abyss on Mar 7, 2024.
             The game lasted 02:09:57 (31043 turns).

steph the Warrior (Minotaur Fighter)               Turns: 31043, Time: 02:09:57

Health: -12/159    AC: 24    Str: 34    XL:     16   Next: 8%
Magic:  16/21      EV:  2    Int:  5    God:    Okawaru [****..]
Gold:   863        SH:  0    Dex: 11    Spells: 15/15 levels left

rFire   + . .        h - +0 broad axe
rCold   + . .        c - +2 tower shield
rNeg    + . .        D - +2 chain mail {rPois}
rPois   +            P - +1 hat
rElec   +            K - +1 cloak
rCorr   +            q - +2 pair of gloves
SInv    .            e - +2 pair of boots
Will    +....        m - amulet of reflection Stlth
                     L - ring of Cotainni {Fly rN+ rCorr}
HPRegen 0.46/turn    M - +6 ring of strength
MPRegen 0.17/turn

%: reflection
@: paralysed, about to teleport, resistant, heroic, finesse-ful, corroded,
flying
A: horns 2, retaliatory headbutt
a: Renounce Religion, Heroism, Finesse


You were on level 3 of the Abyss.
You worshipped Okawaru.
Okawaru was greatly pleased with you.
You visited 6 branches of the dungeon, and saw 25 of its levels.
You visited the Abyss 1 time.
You also visited: Gauntlet.

You collected 2368 gold pieces.
You spent 1505 gold pieces at shops.

Inventory:

Hand Weapons
 h - a +0 broad axe (weapon)
 I - a +5 battleaxe
Missiles
 g - 9 atropa-tipped darts
 p - 22 boomerangs (quivered)
 y - 27 poisoned darts
 C - 3 throwing nets
 F - 6 curare-tipped darts
 O - 17 javelins
 W - 2 darts of dispersal
Armour
 a - the +8 chain mail of the Skiapode {*Slow rElec Will+ SInv}
   (You took it off an orc warlord on level 1 of the Orcish Mines)

   rElec:     It insulates you from electricity.
   Will+:     It increases your willpower.
   SInv:      It lets you see invisible.
   *Slow:     It may slow you when you take damage.
 c - a +2 tower shield (worn)
 e - a +2 pair of boots (worn)
 n - the +1 kite shield of Queweicu {Int+2 Dex+3}
   (You took it off a vault guard on level 14 of the Dungeon)

   Int+2:     It affects your intelligence (+2).
   Dex+3:     It affects your dexterity (+3).
 q - a +2 pair of gloves (worn)
 A - +0 shadow dragon scales
 D - a +2 chain mail of poison resistance (worn)
 K - a +1 cloak (worn)
 P - a +1 hat (worn)
Jewellery
 b - a ring of protection from fire
 m - an amulet of reflection (around neck)
 J - a +4 ring of protection
 L - the ring of Cotainni (left hand) {Fly rN+ rCorr}
   (You bought it in a shop on level 2 of the Orcish Mines)

   [ring of positive energy]

   rN+:       It protects you from negative energy.
   Fly:       It grants you flight.
   rCorr:     It protects you from acid and corrosion.
 M - a +6 ring of strength (right hand)
 N - a ring of protection from cold
Wands
 t - a wand of digging (4)
 x - a wand of roots (21)
 H - a wand of flame (49)
 S - a wand of polymorph (7)
 Z - a wand of mindburst (20)
Scrolls
 j - a scroll of brand weapon {unknown}
 l - a scroll of revelation {unknown}
 v - 2 scrolls of enchant weapon {unknown}
 z - 8 scrolls of teleportation
 B - 2 scrolls of enchant armour
 E - 2 scrolls of fog
 G - 2 scrolls of immolation {unknown}
 Q - 2 scrolls of fear
 U - a scroll of butterflies {unknown}
 V - 3 scrolls of blinking
 Y - a scroll of silence
Potions
 d - 4 potions of might
 f - 8 potions of lignification
 i - 8 potions of curing
 k - 6 potions of mutation
 o - 4 potions of berserk rage
 r - 6 potions of haste
 s - 2 potions of ambrosia
 u - 2 potions of resistance
 w - a potion of cancellation
 R - 2 potions of enlightenment
 T - 2 potions of magic


   Skills:
 * Level 18.4(23.4) Fighting
 - Level 18.0(23.0) Axes
 * Level 6.7(11.7) Throwing
 + Level 14.5(19.5) Armour
 + Level 15.1(20.1) Shields
 * Level 8.6 Invocations


You had 15 spell levels left.
You didn't know any spells.
Your spell library contained the following spells:

 Spells                   Type           Power      Damage    Failure   Level
 Magic Dart               Conj           0%         1d3       86%         1
 Blink                    Tloc           0%         N/A       94%         2
 Ensorcelled Hibernation  Hex/Ice        0%         N/A       94%         2
 Lesser Beckoning         Tloc           0%         N/A       94%         2
 Searing Ray              Conj           0%         2d4       94%         2
 Gell's Gravitas          Tloc           0%         N/A       99%         3
 Inner Flame              Hex/Fire       0%         N/A       99%         3
 Passwall                 Erth           0%         N/A       99%         3
 Swiftness                Air            0%         N/A       99%         3
 Teleport Other           Tloc           0%         N/A       99%         3
 Flame Wave               Conj/Fire      0%         2d4       100%        4
 Fulminant Prism          Conj/Alch      0%         3d5       100%        4
 Manifold Assault         Tloc           0%         N/A       100%        4
 Olgreb's Toxic Radiance  Alch           0%         N/A       100%        4
 Passage of Golubria      Tloc           0%         N/A       100%        4
 Sticky Flame             Fire/Alch      0%         2d4       100%        4
 Yara's Violent Unravell  Hex/Alch       0%         3d3       100%        5
 Dispersal                Tloc           0%         N/A       100%        6
 Ozocubu's Refrigeration  Ice            0%         4d7       100%        7
 Discord                  Hex            0%         N/A       100%        8
 Disjunction              Tloc           0%         N/A       100%        8
 Call Imp                 Summ           Unusable   N/A       N/A         2
 Tukima's Dance           Hex            Unusable   N/A       N/A         3

Dungeon Overview and Level Annotations

Branches:
Dungeon (15/15)            Temple (1/1) D:7            Lair (5/5) D:11
  Swamp (1/4) Lair:3       Spider (1/4) Lair:2        Slime (0/5) Lair:4
    Orc (2/2) D:9             Elf (0/3) Orc:2        Vaults (0/5) D:14
 Depths (0/4) D:15        Gauntlet (visited)

Altars:
Ashenzari
Cheibriados
Dithmenos
Elyvilon
Fedhas
Gozag
Hepliaklqana
Kikubaaqudgha
Makhleb
Nemelex Xobeh
Okawaru
Qazlal
Ru
Sif Muna
Trog
Uskayaw
Vehumet
Wu Jian
Xom
Yredelemnul
Zin
The Shining One
Jiyva

Shops:
D:9 (   D:11 [   D:15 ?   Orc:1 [   Orc:2 [(*=

Portals:
Trove: D:15 (give +3 storm dragon scales)

Annotations:
D:14 3 runed translucent doors, Kilet's ghost, adept GrEE
Swamp:1 Louise


Innate Abilities, Weirdness & Mutations

You have a pair of horns on your head.
You reflexively headbutt those who attack you in melee.


Message History

* * * LOW HITPOINT WARNING * * *
The fire dragon tramples you but does no damage.
Something hits you but does no damage. The fire bat barely misses you.
The fire bat is engulfed in seething chaos.
The fire bat looks weaker.
The fire bat bites you but does no damage.
The fire bat is engulfed in seething chaos.
The the fire bat misses the fire bat.
The fire bat is engulfed in seething chaos.
The fire bat looks even weaker.
The fire bat bites you but does no damage. x2
The fire bat is engulfed in seething chaos.
The fire bat bites you but does no damage.
The fire dragon is engulfed in seething chaos.
The fire dragon seems to grow stronger.
The fire dragon completely misses you.
The fire dragon claws you but does no damage.
The fire dragon tramples you.
* * * LOW HITPOINT WARNING * * *
You hold your ground!
The fire dragon barely misses you. The fire dragon claws you.
* * * LOW HITPOINT WARNING * * *
The fire dragon tramples you but does no damage.
The chaos spawn is engulfed in seething chaos.
The fire dragon is engulfed in seething chaos.
The fire dragon bites you but does no damage.
The fire dragon claws you but does no damage.
The fire dragon tramples you but does no damage.
The fire bat bites you but does no damage.
The fire bat bites the chaos spawn but does no damage.
The chaos spawn trunk-slaps you!
* * * LOW HITPOINT WARNING * * *
The chaos spawn freezes you! You resist.
* * * LOW HITPOINT WARNING * * *
Something hits you.
* * * LOW HITPOINT WARNING * * *
The fire dragon is engulfed in seething chaos.
The fire dragon seems to slow down.
The fire dragon breathes flames at you. The blast of flame hits you!
You resist.
You die...

.# φ'.._
##...
#.''
#..''#
##.b#..#
##b4Db.#
#.@L4.#
#.{DD§##
#...4§##
+...§##
+...##
#++#


You could see 3 fire dragons, a lich (fast), 3 chaos spawn and 3 fire bats.

Vanquished Creatures
  Rupert (D:15)
  4 orc warlords
  An eleionoma (Lair:3)
  Nessos (Lair:3)
  4 dire elephants (Lair:5)
  A minotaur (Gauntlet)
  6 hydras
  An ogre mage (Abyss:3)
  4 vault guards (D:14)
  A catoblepas (Lair:5)
  4 boulder beetles
  Erica (D:11)
  5 centaur warriors
  6 two-headed ogres
  A tengu warrior (D:15)
  A death yak (Lair:5)
  Urug (Orc:1)
  A spectral dire elephant (Lair:5)
  4 orc high priests
  Sonja (D:12)
  A spectral death yak (Lair:5)
  2 skeletal warriors (D:15)
  A storm dragon zombie (D:15)
  2 skysharks
  A spectral anaconda (Lair:5)
  2 storm dragon skeletons (D:15)
  A flayed ghost (D:15)
  2 arcanists (Gauntlet)
  An obsidian statue (Lair:5)
  A deep elf archer (Orc:1)
  6 orc knights
  3 lindwurms
  2 deep elf zephyrmancers (Orc:1)
  4 deep elf pyromancers
  5 necromancers
  5 orc sorcerers
  A cyclops (D:11)
  3 manticores
  27 elephants
  A wolf spider (Spider:1)
  7 ugly things
  An apocalypse crab (Gauntlet)
  2 centaur zombies (D:8)
  3 black mambas
  3 meliai (Spider:1)
  2 kobold blastminers
  A centaur skeleton (D:8)
  2 minotaur zombies (Gauntlet)
  3 torpor snails (Lair:5)
  An unseen horror (D:11)
  2 kobold demonologists (D:12)
  12 cane toads
  An efreet (D:14)
  14 komodo dragons
  12 trolls
  A tengu conjurer (D:15)
  A hellwing (D:8)
  A tarantella (Spider:1)
  A tyrant leech (Swamp:1)
  A polar bear (shapeshifter) (D:13)
  Prince Ribbit (D:7)
  2 polar bears
  3 blink frogs
  14 dream sheep
  2 jumping spiders (Spider:1)
  2 meliai zombies (D:8)
  A shadow (D:13)
  3 wyverns
  A wraith (D:11)
  A dire elephant simulacrum (Lair:5)
  A culicivora (Spider:1)
  3 water elementals
  A vampire (D:12)
  7 humans (D:14)
  4 fire bats (Abyss:3)
  54 yaks
  4 wargs
  3 redbacks (Spider:1)
  5 basilisks
  Edmund (D:6)
  2 vampire mosquitoes (D:14)
  A steam dragon (D:8)
  2 spectral cane toads (Lair:5)
  3 chaos spawn (Abyss:3)
  11 water moccasins
  2 acid dragons
  4 ice beasts
  41 orc warriors
  A sky beast (D:6)
  3 black bears
  5 ogres
  2 elephant skeletons (Lair:5)
  17 wolves
  13 centaurs
  2 phantoms
  5 kobold brigands
  11 bullfrogs
  2 gnoll sergeants
  9 scorpions
  A cane toad simulacrum (Lair:5)
  12 wights
  4 killer bees (D:8)
  An elephant simulacrum (Lair:5)
  4 howler monkeys
  6 electric eels
  A bombardier beetle (D:7)
  A jelly (D:5)
  26 orc priests
  3 hounds
  Crazy Yiuf (D:7)
  4 sleepcaps
  6 iguanas
  21 orc wizards
  4 hell rats (Lair:5)
  10 gnolls
  5 adders
  4 shadow imps
  2 white imps
  2 ufetubi (D:5)
  3 dart slugs
  6 ribbon worms
  59 orcs
  8 endoplasms
  5 giant cockroaches
  11 goblins
  4 hobgoblins
  15 jackals
  8 quokkas
  3 ball pythons
  4 bats
  4 frilled lizards
  23 kobolds
  4 rats
715 creatures vanquished.

Vanquished Creatures (others)
  A human (D:14)
1 creature vanquished.

Grand Total: 716 creatures vanquished

Notes
Turn   | Place    | Note
-------+----------+-------------------------------------------
     0 | D:1      | steph the Minotaur Fighter began the quest for the Orb.
     0 | D:1      | Reached XP level 1. HP: 19/19 MP: 0/0
   112 | D:1      | Reached XP level 2. HP: 27/27 MP: 1/1
   354 | D:1      | Reached XP level 3. HP: 33/33 MP: 2/2
   506 | D:2      | Identified the +7 rapier "Bymel" {vamp, rC+ Will+ Str-5
                  | Int+2}
   607 | D:2      | Found a faded altar of an unknown god.
  1448 | D:3      | Reached XP level 4. HP: 40/40 MP: 3/3
  1552 | D:3      | Noticed a black bear
  1888 | D:4      | Reached XP level 5. HP: 43/47 MP: 4/4
  2365 | D:4      | Reached skill level 5 in Axes
  2365 | D:4      | Reached skill level 5 in Shields
  2365 | D:4      | Reached XP level 6. HP: 47/53 MP: 5/5
  2940 | D:3      | Reached skill level 5 in Armour
  2979 | D:5      | Entered Level 5 of the Dungeon
  2979 | D:5      | Noticed an ice beast
  2988 | D:5      | Killed an ice beast
  2989 | D:5      | Reached skill level 5 in Fighting
  3064 | D:5      | Reached XP level 7. HP: 61/61 MP: 6/6
  3324 | D:5      | Found a burning altar of Makhleb.
  3931 | D:6      | Noticed Edmund
  4090 | D:6      | Killed Edmund
  4266 | D:6      | Reached XP level 8. HP: 70/70 MP: 7/7
  5464 | D:7      | Reached XP level 9. HP: 79/79 MP: 8/8
  5524 | D:7      | Noticed a troll
  5532 | D:7      | Killed a troll
  5764 | D:7      | Noticed Prince Ribbit
  5777 | D:7      | Killed Prince Ribbit
  5832 | D:7      | Found a shimmering blue altar of Sif Muna.
  5837 | D:7      | Found a blossoming altar of Fedhas.
  5840 | D:7      | Found a hazy altar of Hepliaklqana.
  5841 | D:7      | Found a shadowy altar of Dithmenos.
  5852 | D:7      | Found an ornate altar of the Wu Jian Council.
  5972 | D:7      | Found a runed translucent door.
  5973 | D:7      | Noticed Crazy Yiuf
  6035 | D:7      | Found a staircase to the Ecumenical Temple.
  6041 | Temple   | Entered the Ecumenical Temple
  6099 | Temple   | Became a worshipper of Warmaster Okawaru
  6348 | D:7      | Found a radiant altar of Vehumet.
  6666 | D:7      | Killed Crazy Yiuf
  6886 | D:8      | Noticed a two-headed ogre
  6906 | D:8      | Killed a two-headed ogre
  6906 | D:8      | Reached * piety under Okawaru
  6907 | D:8      | Reached XP level 10. HP: 45/91 MP: 9/9
  7564 | D:8      | Reached skill level 1 in Invocations
  8111 | D:8      | Reached skill level 10 in Axes
  8127 | D:8      | Reached ** piety under Okawaru
  8192 | D:8      | Reached skill level 10 in Fighting
  8521 | D:9      | Noticed a green ugly thing
  8528 | D:9      | Killed a green ugly thing
  8530 | D:9      | Found a bloodstained altar of Trog.
  8699 | D:9      | Reached *** piety under Okawaru
  8913 | D:9      | Found Vahorphe's Antique Weapon Shop.
  8929 | D:9      | Reached skill level 10 in Shields
  8957 | D:9      | Found a stormy altar of Qazlal.
  9125 | D:9      | Found a glowing golden altar of the Shining One.
  9246 | D:9      | Reached XP level 11. HP: 88/101 MP: 13/13
  9443 | D:9      | Found a staircase to the Orcish Mines.
  9670 | D:10     | Entered Level 10 of the Dungeon
  9734 | D:10     | Reached **** piety under Okawaru
  9735 | D:10     | Reached skill level 10 in Armour
 10190 | D:10     | Reached skill level 5 in Invocations
 10825 | D:11     | Found Naliygem's Antique Armour Boutique.
 10829 | D:11     | Bought an embroidered cloak for 180 gold pieces
 11028 | D:11     | Noticed Erica
 11253 | D:11     | Found a staircase to the Lair.
 11278 | D:11     | Killed Erica
 11281 | D:11     | HP: 3/104 [orc priest/divine providence (14)]
 11677 | D:11     | Reached ***** piety under Okawaru
 11867 | Lair:1   | Entered Level 1 of the Lair of Beasts
 11924 | D:11     | Received a gift from Okawaru
 12958 | Lair:2   | Reached XP level 12. HP: 73/113 MP: 15/15
 13318 | Lair:2   | Received a gift from Okawaru
 13362 | Lair:2   | Reached skill level 1 in Throwing
 13724 | Lair:2   | Received a gift from Okawaru
 13831 | Lair:2   | Noticed a seven-headed hydra
 13971 | Lair:2   | Noticed a boulder beetle
 14010 | Lair:2   | Killed a boulder beetle
 14020 | Lair:2   | Found a hole to the Spider Nest.
 14411 | Lair:2   | Killed a seven-headed hydra
 14755 | Lair:2   | Received a gift from Okawaru
 15031 | Lair:3   | Reached XP level 13. HP: 122/122 MP: 17/17
 15080 | Lair:3   | Noticed Nessos
 15084 | Lair:3   | Noticed an eleionoma
 15238 | Lair:3   | Killed Nessos
 15695 | Lair:3   | Found a staircase to the Swamp.
 15716 | Lair:3   | Killed an eleionoma
 16134 | Lair:4   | Found a viscous altar of Jiyva.
 16134 | Lair:4   | Found a staircase to the Slime Pits.
 16224 | Lair:3   | Reached skill level 5 in Throwing
 16422 | Lair:4   | Received a gift from Okawaru
 17012 | Lair:4   | You fall into a shaft and drop 1 floor!
 17012 | Lair:5   | Entered Level 5 of the Lair of Beasts
 17090 | Lair:4   | Received a gift from Okawaru
 17914 | Lair:5   | Reached skill level 15 in Axes
 17967 | Lair:5   | Noticed a dire elephant
 17967 | Lair:5   | Noticed a dire elephant
 17967 | Lair:5   | Noticed a dire elephant
 17967 | Lair:5   | Noticed a dire elephant
 18001 | Lair:5   | Killed a dire elephant
 18086 | Lair:5   | Received a gift from Okawaru
 18101 | Lair:5   | Reached skill level 15 in Fighting
 18412 | Lair:5   | Reached XP level 14. HP: 69/134 MP: 17/19
 18939 | Lair:5   | Received a gift from Okawaru
 20179 | Lair:5   | Received a gift from Okawaru
 20836 | D:12     | Noticed Sonja
 20839 | D:12     | Killed Sonja
 23329 | D:14     | Found a gate leading to a gauntlet.
 23336 | Gauntlet | Entered a Gauntlet
 23336 | Gauntlet | Found a transporter.
 23336 | Gauntlet | Found a transporter.
 23340 | Gauntlet | Found a transporter.
 23340 | Gauntlet | Found a transporter.
 23347 | Gauntlet | Found a transporter.
 23369 | Gauntlet | Found a transporter.
 23417 | Gauntlet | Found a transporter.
 23438 | Gauntlet | Found a transporter.
 23452 | Gauntlet | Found a transporter.
 23473 | Gauntlet | Found a transporter.
 23561 | Gauntlet | Found a transporter.
 23578 | Gauntlet | Found a transporter.
 23589 | Gauntlet | Found a transporter.
 23593 | Gauntlet | Noticed a cacodemon
 23614 | Gauntlet | Found a transporter.
 23694 | Gauntlet | Found a transporter.
 23846 | Gauntlet | Identified the ring of Foazot {Will+ Dex+4 Slay-2}
 24152 | D:14     | Found a runed translucent gate.
 24152 | D:14     | Found a runed translucent gate.
 24152 | D:14     | Found a runed translucent gate.
 24157 | D:14     | Noticed Kilet's ghost (adept GrEE)
 24240 | D:14     | Reached XP level 15. HP: 14/146 MP: 14/20
 24657 | D:14     | Identified the +1 kite shield of Queweicu {Int+2 Dex+3}
 24678 | D:14     | Received a gift from Okawaru
 24694 | D:14     | Found a gate to the Vaults.
 25853 | D:15     | Entered Level 15 of the Dungeon
 26042 | D:15     | Found a staircase to the Depths.
 26158 | D:15     | Noticed Rupert
 26163 | D:15     | Killed Rupert
 26286 | D:15     | Found a snail-covered altar of Cheibriados.
 26547 | D:15     | Found a portal to a secret trove of treasure.
 26578 | D:15     | Found Merheylo's Magic Scroll Shop.
 26586 | D:15     | Bought a scroll of blinking for 97 gold pieces
 26586 | D:15     | Bought a scroll of identify for 26 gold pieces
 26586 | D:15     | Bought a scroll of identify for 26 gold pieces
 27008 | Orc:1    | Entered Level 1 of the Orcish Mines
 27207 | Orc:1    | Noticed Urug
 27227 | Orc:1    | Killed Urug
 27254 | Orc:1    | Identified the +4 scimitar of Collusion {venom, *Noise
                  | rPois Dex+7}
 28035 | Orc:1    | Identified the +8 chain mail of the Skiapode {*Slow rElec
                  | Will+ SInv}
 28203 | Orc:1    | Reached skill level 15 in Shields
 28518 | Orc:2    | Entered Level 2 of the Orcish Mines
 28835 | Orc:2    | Found a staircase to the Elven Halls.
 29654 | Orc:2    | Found Duf Meot's Antique Weapon Boutique.
 29674 | Orc:2    | Found Uxaitenk's Antique Armour Boutique.
 29691 | Orc:2    | Found Doehah's General Store.
 29698 | Orc:2    | Bought a scroll of teleportation for 39 gold pieces
 29698 | Orc:2    | Bought a scroll of fog for 52 gold pieces
 29706 | Orc:2    | Found Fayqapib's Jewellery Boutique.
 29716 | Orc:2    | Bought the ring of Cotainni {Fly rN+ rCorr} for 589 gold
                  | pieces
 29805 | Orc:2    | Bought a pair of runed boots for 135 gold pieces
 29987 | Orc:1    | Found Cuqaudd's Antique Armour Emporium.
 30001 | Orc:1    | Bought an embroidered hat for 231 gold pieces
 30081 | Orc:2    | Bought a potion of haste for 130 gold pieces
 30361 | Spider:1 | Entered Level 1 of the Spider Nest
 30606 | Spider:1 | Reached XP level 16. HP: 127/158 MP: 21/21
 30981 | Swamp:1  | Entered Level 1 of the Swamp
 31019 | Swamp:1  | Noticed Louise
 31022 | Abyss:3  | Cast into level 3 of the Abyss (Louise)
 31029 | Abyss:3  | Found a corrupted altar of Lugonu.
 31034 | Abyss:3  | Noticed a lich
 31040 | Abyss:3  | Paralysed by something for 5 turns
 31043 | Abyss:3  | HP: 7/159 [chaos spawn (8)]
 31043 | Abyss:3  | HP: 2/159 [something (5)]
 31043 | Abyss:3  | Killed from afar by a fire dragon

Illustrated notes

Levels and vault maps discovered:
D:1:      minmay_arrival_semitransparent, layout_rooms
D:2:      layout_rooms, hellmonk_ecumenical_altar_crossroads
D:3:      layout_basic
D:4:      layout_loops_cross
D:5:      layout_cave_pools, bloody_makhleb, minmay_misc_feat_tower,
          nicolae_concentric_dashed_squares_wild
D:6:      layout_layer_cave, nicolae_kite_square_tiling_tiny, hex_tiny,
          nicolae_letterblocks [nicolae_letter_subblock,
          nicolae_letter_subblock, nicolae_letter_subblock,
          nicolae_letter_subblock, nicolae_letter_subblock,
          nicolae_letter_subblock, nicolae_letter_subblock,
          nicolae_letter_subblock, nicolae_letter_subblock,
          nicolae_letter_subblock, nicolae_letter_subblock,
          nicolae_letter_subblock, nicolae_letter_subblock,
          nicolae_letter_subblock, nicolae_letter_subblock,
          nicolae_letter_subblock, nicolae_letter_subblock,
          nicolae_letter_subblock, nicolae_letter_subblock,
          nicolae_letter_subblock, nicolae_letter_subblock,
          nicolae_letter_subblock, nicolae_letter_subblock,
          nicolae_letter_subblock, nicolae_letter_subblock], uniq_edmund
D:7:      layout_basic, nicolae_overflow_hallway_of_the_gods,
          vehumet_altar_wand_db, minmay_temple_entry_fiery, enter_bailey_5,
          kennysheep_small_square, uniq_crazy_yiuf_cottage, uniq_prince_ribbit1
D:8:      cheibrodos_grave_circle, layout_basic
D:9:      layout_basic, mainiacjoe_overflow_catch_the_wave,
          mainiacjoe_overflow_catwalk, david_orc_4, serial_shops, shop_statue
D:10:     layout_cave_pods
D:11:     layout_roguey, erik_lair_orcish_takeover, serial_shops,
          nicolae_shop_hallway_stairs, uniq_erica
D:12:     layout_loops_ring, minmay_misc_feat_ornament, uniq_sonja
D:13:     layout_gridville, kennysheep_boxes
D:14:     orc_temple, layout_stronghold, ximxim_vaults_locker_room,
          maelrawn_ghost_gauntlet_escape, infiniplex_staircase_trident,
          gauntlet_entry_generic
D:15:     gammafunk_depths_entry_grave, layout_basic, serial_shops, shop,
          nicolae_trove_entry_free_sample, cheibriados_altar_1, uniq_rupert
Temple:   minmay_temple_forest_path
Lair:1:   layout_chaotic_city, lemuel_old_faithful, infiniplex_staircase_pool,
          serial_bayou_shore_a
Lair:2:   layout_misc_corridors, nicolae_spider_entry_non_spiders
Lair:3:   layout_hall_layers, alex1729_swamp_entry_worm_eleionoma,
          grunt_megastairs_3, uniq_nessos
Lair:4:   layout_misc_corridors, slime_entry_1, serial_bayou_pond_a
Lair:5:   due_jungle_book, layout_regular_city
Swamp:1:  layout_basic_swamp, hangedman_swamp_pad, uniq_louise
Spider:1: layout_cave_pods, nicolae_spider_solar_radiation,
          hangedman_spider_tarantella_strand
Orc:1:    layout_caves, serial_shops, nicolae_shop_tiny_glass, elf_legates,
          uniq_urug
Orc:2:    grunt_orc_cross, layout_caves
Abyss:3:  base: Orc:2, due_evilmike_abyss_rune_seething_liches

Skill      XL: |  1  2  3  4  5  6  7  8  9 10 11 12 13 14 15 |
---------------+----------------------------------------------+-----
Shields        | 4 5 6 7 9 10 11 12 13 15 | 15.1
Fighting       | 4 5 6 7 9 10 12 13 15 16 18 | 18.4
Axes           | 3 4 5 6 8 9 11 12 13 15 17 18 | 18.0
Armour         | 4 5 6 7 9 10 11 12 13 14 | 14.5
Invocations    | 4 5 7 8 |  8.6
Throwing       | 4 6 |  6.7

Action                     |  1- 3 |  4- 6 |  7- 9 | 10-12 | 13-15 | 16-18 || total
---------------------------+-------+-------+-------+-------+-------+-------++-------
  Melee: War axe           |    85 |    85 |   273 |   673 |  1140 |       ||  2256
         Headbutt          |     7 |     8 |    64 |   159 |   383 |     7 ||   628
         Broad axe         |       |       |       |       |   253 |    30 ||   283
  Throw: Stone             |    12 |    13 |     6 |       |    36 |       ||    67
         Boomerang         |       |       |     4 |    10 |    83 |     3 ||   100
         Dart              |       |       |     2 |       |       |       ||     2
         Javelin           |       |       |       |       |     3 |       ||     3
 Invoke: Heroism           |       |       |       |     7 |    28 |     1 ||    36
         Finesse           |       |       |       |       |     3 |     2 ||     5
    Use: Potion            |       |       |     1 |     4 |     2 |     1 ||     8
         Scroll            |       |       |       |     9 |    14 |     1 ||    24
   Stab: Petrifying        |       |       |       |       |     1 |       ||     1
         Petrified         |       |       |       |       |     1 |       ||     1
         Sleeping          |       |       |       |       |     4 |       ||     4
         Confused          |       |       |       |       |       |     1 ||     1
 Armour: Scale mail        |    68 |    73 |    51 |       |       |       ||   192
         Chain mail        |       |       |   191 |   724 |   374 |    70 ||  1359
         Shadow dragon sca |       |       |       |       |   502 |       ||   502
  Dodge: Dodged            |    34 |    31 |   124 |   267 |   422 |    14 ||   892
  Block: Buckler           |    10 |    14 |    91 |   233 |   210 |       ||   558
         Kite shield       |       |       |       |       |   314 |       ||   314
         Tower shield      |       |       |       |       |   116 |    73 ||   189
         Reflection        |       |       |       |       |    42 |       ||    42
